 Dungeon Crawl Stone Soup version 0.23-a0-313-gf30bb39 (webtiles) character file.

237 timeclock555 the Chopper (level 5, 0/63 HPs)
             Began as a Demonspawn Berserker on Oct 12, 2018.
             Was a Believer of Trog.
             Succumbed to a worker ant's poison
             ... on level 4 of the Dungeon.
             The game lasted 00:18:19 (2546 turns).

timeclock555 the Chopper (Demonspawn Berserker)     Turns: 2546, Time: 00:18:20

Health: 0/63       AC: 11    Str: 22 (24) XL:     5   Next: 77%
Magic:  0/5        EV:  9    Int:  6 (8)  God:    Trog [**....]
Gold:   108        SH:  3    Dex: 12      Spells: 4/4 levels left

rFire    . . .     SeeInvis .   d - +0 war axe
rCold    . . .     Gourm    .   (no shield)
rNeg     . . .     Faith    .   l - +1 chain mail
rPois    .         Spirit   +   (no helmet)
rElec    .         Reflect  +   (no cloak)
rCorr    .         Harm     .   (no gloves)
MR       .....                  g - +0 pair of boots
Stlth    ..........             f - +3 amulet of reflection
HPRegen  0.20/turn              h - ring of flight
MPRegen  0.18/turn              n - ring of stealth

@: berserking, lethally poisoned (0 -> -9), very quick
A: magic shield, magic regeneration, magic link
a: Berserk, Trog's Hand, Renounce Religion, Evoke Flight


You were on level 4 of the Dungeon.
You worshipped Trog.
Trog was pleased with you.
You were very full.

You visited 1 branch of the dungeon, and saw 4 of its levels.

You collected 108 gold pieces.

Inventory:

Hand Weapons
 a - a +2 hand axe
 d - a +0 war axe (weapon)
Armour
 b - a +0 animal skin
 e - a +0 ring mail
 g - a +0 pair of boots (worn)
 l - a +1 chain mail (worn)
Jewellery
 f - a +3 amulet of reflection (around neck)
 h - a ring of flight (left hand)
 j - an uncursed ring of poison resistance
 n - a ring of stealth (right hand)
Scrolls
 o - a scroll of immolation
Potions
 i - a potion of degeneration
 m - a potion of cancellation
Comestibles
 c - 4 rations


   Skills:
 + Level 4.0 Fighting
 + Level 4.1 Axes
 + Level 3.1 Armour
 + Level 2.6 Dodging
 + Level 0.1 Stealth
 + Level 0.2 Evocations


You had 4 spell levels left.
You didn't know any spells.
Your spell library was empty.

Dungeon Overview and Level Annotations

Branches:
Dungeon (4/15)
 Temple: D:4-7

Altars:


Innate Abilities, Weirdness & Mutations

When hurt, damage is shared between your health and your magic reserves.
You regenerate magic rapidly.
When low on magic, you restore magic in place of health.


Message History

Your chain mail prevents you from hitting the worker ant.
The worker ant barely misses you.
You hit the worker ant but do no damage.
The worker ant barely misses you. You block the worker ant's attack.
You closely miss the worker ant. You block the worker ant's attack.
You completely miss the worker ant. The worker ant closely misses you.
A hound comes into view.
The worker ant bites you.
* * * LOW HITPOINT WARNING * * *
You are lethally poisoned!
The worker ant poisons you!
You slash the worker ant!
The worker ant is severely wounded.
* * * LOW HITPOINT WARNING * * *
You feel sick. The worker ant bites you.
You are more poisoned.
The worker ant poisons you!
A red film seems to cover your vision as you go berserk!
You feel yourself moving faster!
You feel mighty!
You die...

###.### ##.....###
!....... #.#...%###
# #........#.#
#...........
#........#.#
#.a@...# .#
#......###.
.......#.###>.
####.###.# #.# # #h
#.# #.# #
####.###.###.####.#
#
..........†.......#
#
#..#.#####.#.######
# #.#.# ########


You could see a hound and a worker ant.

Vanquished Creatures
  An ogre (D:4)
  Natasha (D:3)
  A worker ant (D:4)
  2 adders
  3 oozes
  2 worms (D:2)
  4 leopard geckos
  5 orcs (D:4)
  7 bats
  3 giant cockroaches
  6 goblins
  3 hobgoblins
  4 jackals (D:2)
  3 kobolds
  5 frilled lizards
  9 rats
  2 plants (D:2)
61 creatures vanquished.

Notes
Turn   | Place    | Note
-------+----------+-------------------------------------------
     0 | D:1      | timeclock555 the Demonspawn Berserker began the quest for
                  | the Orb.
     0 | D:1      | Reached XP level 1. HP: 18/18 MP: 1/1
   518 | D:1      | Gained mutation: When hurt, damage is shared between your
                  | health and your magic reserves. [demonic ancestry]
   518 | D:1      | Reached XP level 2. HP: 23/24 MP: 2/2
  1123 | D:2      | Reached ** piety under Trog
  1124 | D:2      | Gained mutation: You regenerate magic rapidly. [demonic
                  | ancestry]
  1124 | D:2      | Reached XP level 3. HP: 19/29 MP: 0/3
  1277 | D:1      | You fall through a shaft!
  1789 | D:3      | Noticed Natasha
  1794 | D:3      | Reached XP level 4. HP: 28/36 MP: 4/4
  1807 | D:3      | Killed Natasha
  2410 | D:4      | Gained mutation: When low on magic, you restore magic in
                  | place of health. [demonic ancestry]
  2410 | D:4      | Reached XP level 5. HP: 32/42 MP: 5/5
  2422 | D:4      | Noticed an ogre
  2428 | D:4      | HP: 1/42 [ogre/giant club (15)]
  2430 | D:4      | Killed an ogre
  2544 | D:4      | HP: 2/42 [worker ant (3)]
  2546 | D:4      | Succumbed to a worker ant's poison

Vault maps used:
D:1:      sevenhm_arrival_forest_fort_small_5
D:2:      serial_forest, infiniplex_forest_zigzag_2,
          infiniplex_forest_clump_tiny, infiniplex_forest_lined_corner,
          infiniplex_forest_straight_5, infiniplex_forest_clump_diagonal,
          infiniplex_forest_clump_diagonal, infiniplex_forest_corner_2,
          infiniplex_forest_diagonal
D:3:      minmay_fountain_box, serial_park_tiny_1, wad_rectangle_vault,
          uniq_natasha
D:4:      first_ration

Skill      XL: |  1  2  3  4  5 |
---------------+----------------+-----
Axes           | 3 4 |  4.1
Armour         | 2 3 |  3.1
Dodging        | 2 |  2.6
Fighting       | 4 |  4.0
Stealth        | |  0.1
Evocations     | |  0.2

Action                   |  1- 3 |  4- 6 || total
-------------------------+-------+-------++-------
Melee: Hand axe          |   168 |    12 ||   180
       War axe           |       |    75 ||    75
Invok: Berserk           |       |     1 ||     1
 Abil: Evoke Flight      |     1 |     1 ||     2
  Use: Scroll            |     6 |     1 ||     7
       Potion            |     3 |     5 ||     8
  Eat: Ration            |     1 |     4 ||     5
Armor: Animal skin       |     4 |       ||     4
       Chain mail        |    63 |    40 ||   103
       Ring mail         |    16 |       ||    16
Dodge: Dodged            |    77 |    43 ||   120
Block: Other             |       |    13 ||    13

Table legend:
 A = Non-vault XP
 B = Vault XP
 C = Vault XP percentage of total XP
 D = Non-vault monster count
 E = Vault monster count
 F = Vault count percentage of total count
                 A         B        C        D         E       F
            +---------+---------+-------+---------+---------+-------
      Total |     302 |      37 |  10.9 |      58 |       1 |   1.7
            +---------+---------+-------+---------+---------+-------
        D:1 |      25 |       0 |   0.0 |      12 |       0 |   0.0
        D:2 |      61 |       0 |   0.0 |      23 |       0 |   0.0
        D:3 |      17 |      37 |  68.5 |      11 |       1 |   8.3
        D:4 |     199 |       0 |   0.0 |      12 |       0 |   0.0
            +---------+---------+-------+---------+---------+-------
